 Dungeon Crawl Stone Soup version 0.20.0-15-g7f486f2 (webtiles) character file.

244 KleinerIrrer the Poker (level 6, -4/56 HPs)
             Began as a Naga Gladiator on June 2, 2017.
             Was an Initiate of Cheibriados.
             Slain by an orc
             ... wielding a cursed -3 hand axe
              (6 damage)
             ... on level 4 of the Dungeon on June 20, 2017.
             The game lasted 00:20:55 (2998 turns).

KleinerIrrer the Poker (Naga Gladiator)             Turns: 2998, Time: 00:20:56

Health: -4/56      AC:  4    Str: 17    XL:     6   Next: 10%
Magic:  6/6        EV: 10    Int: 10    God:    Cheibriados [......]
Gold:   220        SH:  3    Dex: 15    Spells: 5/5 levels left

rFire    . . .     SeeInvis +   a - +0 trident
rCold    . . .     Gourm    .   t - +0 buckler
rNeg     . . .     Faith    .   b - +0 leather armour
rPois    +         Spirit   .   c - +0 helmet
rElec    .         Reflect  .   (no cloak)
rCorr    .         Harm     .   (no gloves)
MR       .....                  (no barding)
Stlth    ++........             (no amulet)
Regen    0.2/turn               (no ring)
MPRegen  0.1/turn               (no ring)

@: very slow
A: see invisible, deformed body, poison resistance, slowness 2, slow metabolism
1, spit poison 1, AC +2
a: Spit Poison, Bend Time, Renounce Religion


You were on level 4 of the Dungeon.
You worshipped Cheibriados.
Cheibriados was noncommittal.
You were hungry.

You visited 2 branches of the dungeon, and saw 5 of its levels.

You collected 220 gold pieces.

Inventory:

Hand Weapons
 a - a +0 trident (weapon)
 i - a +0 hunting sling of flaming
 l - a +0 dagger of draining
 v - a +0 dagger of draining
Missiles
 d - 3 throwing nets (quivered)
Armour
 b - a +0 leather armour (worn)
 c - a +0 helmet (worn)
 t - a +0 buckler (worn)
 w - a +0 chain mail of poison resistance
Wands
 p - a wand of clouds (6/9)
Scrolls
 e - 2 scrolls of enchant weapon {unknown}
 j - 3 scrolls of recharging {unknown}
 m - 2 scrolls of remove curse {unknown}
 q - a scroll of immolation {unknown}
 r - 2 scrolls of fear {unknown}
 u - 2 scrolls of identify {unknown}
 x - a scroll of blinking {unknown}
Potions
 g - a potion of resistance
 n - a potion of curing {unknown}
 o - a potion of mutation {unknown}
 s - a potion of ambrosia
Comestibles
 f - 3 bread rations
 h - 6 royal jellies
 k - 2 meat rations


   Skills:
 + Level 3.3 Fighting
 + Level 4.3 Polearms
 + Level 1.9 Throwing
 + Level 1.4 Armour
 + Level 2.9 Dodging
 * Level 3.8 Stealth
 + Level 0.2 Shields


You had 5 spell levels left.
You didn't know any spells.

Dungeon Overview and Level Annotations

Branches:
Dungeon (4/15)             Temple (1/1) D:4

Altars:
Ashenzari
Cheibriados
Dithmenos
Elyvilon
Fedhas
Gozag
Kikubaaqudgha
Makhleb
Okawaru
Qazlal
Ru
Sif Muna
Trog
Uskayaw
Vehumet
Xom
Yredelemnul
Zin


Innate Abilities, Weirdness & Mutations

You cannot wear boots.
Your serpentine skin is tough. (AC +2)
You have supernaturally acute eyesight. (SInv)
Armour fits poorly on your strangely shaped body.
Your system is resistant to poisons. (rPois)
You cover ground very slowly.
You have a slow metabolism.
You can spit poison.


Message History

The orc wizard hits you but does no damage.
You hit the orc wizard but do no damage.
The orc wizard is heavily wounded.
The hound closely misses you.
The orc hits you with an enchanted hand axe.
* * * LOW HITPOINT WARNING * * *
The hound bites you.
* * * LOW HITPOINT WARNING * * *
The orc wizard hits you but does no damage.
You barely miss the orc wizard.
The orc wizard is heavily wounded.
The orc hits you but does no damage. The hound bites you.
* * * LOW HITPOINT WARNING * * *
The orc wizard barely misses you.
You completely miss the orc wizard.
The orc wizard is heavily wounded.
The hound bites you.
* * * LOW HITPOINT WARNING * * *
The orc hits you with an enchanted hand axe.
You die...

#.###..###..........#.#
#..... #..##..#
#.###...#..#.# ####.#
#..##..# #.# #...#..#.#
#.. #......# #.#
#..##..#.# #..##.## #.#
#..##..#.# .
##>.##.####.###..##..#.#
#
#....o.........(........#
#
####.###......oo####.##.#
#.# #.###..#@# #.#####
### #.# #.# #..#h#
#.#...# #.# #. #.# #..#.#
#.#...# #.# #.# #..#.#
#.#...###.# #.# #..#.#
#.'...'...# #.. ...#.#
####)..###.# ...#.#
#......# #.# h..##.#
#......###.### #.#
#.............


You could see a hound, an orc wizard and an orc.

Vanquished Creatures
  A scorpion (D:4)
  An orc priest (D:3)
  A worker ant (D:4)
  A hound skeleton (D:4)
  3 adders
  An ooze (D:2)
  An adder skeleton (D:4)
  3 dart slugs
  3 leopard geckos
  7 orcs
  9 bats
  A giant cockroach (D:4)
  7 hobgoblins
  8 jackals
  A quokka (D:3)
  A ball python (D:1)
  5 frilled lizards
  6 goblins
  13 kobolds
  10 rats
83 creatures vanquished.

Notes
Turn   | Place    | Note
-------+----------+-------------------------------------------
     0 | D:1      | KleinerIrrer the Naga Gladiator began the quest for the Orb.
     0 | D:1      | Reached XP level 1. HP: 19/19 MP: 1/1
   130 | D:1      | Reached skill level 1 in Stealth
   130 | D:1      | Reached XP level 2. HP: 18/26 MP: 2/2
   853 | D:1      | Reached XP level 3. HP: 33/33 MP: 3/3
  1577 | D:2      | Reached XP level 4. HP: 37/40 MP: 4/4
  2010 | D:3      | Reached skill level 1 in Armour
  2010 | D:3      | Reached XP level 5. HP: 21/48 MP: 5/5
  2277 | D:3      | Found a blossoming altar of Fedhas.
  2476 | D:4      | Reached skill level 4 in Polearms
  2519 | D:4      | Upgraded the game from 0.20.0-8-g6b59dc7 to 0.20.0-15-g7f486f2
  2658 | D:4      | Found a staircase to the Ecumenical Temple.
  2672 | D:4      | Reached XP level 6. HP: 43/56 MP: 6/6
  2686 | Temple   | Entered the Ecumenical Temple
  2773 | Temple   | Became a worshipper of Cheibriados the Contemplative
  2998 | D:4      | HP: 2/56 [hound (1)]
  2998 | D:4      | Slain by an orc

Skill      XL: |  1  2  3  4  5 |
---------------+----------------+-----
Stealth        | 1 2 3 |  3.8
Armour         | 1 |  1.4
Fighting       | 3 |  3.3
Polearms       | 4 |  4.3
Throwing       | |  1.9
Dodging        | |  2.9
Shields        | |  0.2

Action                   |  1- 3 |  4- 6 || total
-------------------------+-------+-------++-------
Melee: Trident           |   138 |   148 ||   286
 Abil: Spit Poison       |     1 |       ||     1
  Use: Potion            |       |     1 ||     1
 Stab: Sleeping          |     1 |     8 ||     9
  Eat: Chunk             |     2 |     3 ||     5
Armor: Leather armour    |    47 |    30 ||    77
Dodge: Dodged            |    83 |    71 ||   154
Block: Buckler           |       |    23 ||    23
